[Event "Team 45 45 League T88"]
[Site "Internet Chess Club"]
[Date "2021.05.02"]
[Round "4"]
[White "hipopotamos"]
[Black "elmaestro"]
[Result "1-0"]
[WhiteElo "1724"]
[BlackElo "1640"]
[Opening "Sicilian: Najdorf, Byrne (English) attack"]
[ECO "B90"]
[Time "15:23:02"]
[TimeControl "2700+45"]

1. e4 c5 2. Nf3 d6 3. d4 cxd4 4. Nxd4 Nf6 5. Nc3 a6 6. Be3 e6 7. Bd3 Be7 8. O-O
O-O 9. f4 Nc6 10. Nf3 Qc7 11. Qe1 b5 12. a3 Bb7 13. Qg3 b4 14. Ne2 bxa3 15. bxa3
d5 16. e5 Ne4 17. Qh3 f5 18. exf6 Rxf6 19. Ng5 Rh6 20. Nxe6 Qd6 21. Qf3 Rxe6 22.
f5 Rf6 23. Bxe4 dxe4 24. Qxe4 Na5 25. Qg4 Qe5 26. Bd4 Bc5 27. Kh1 Bxd4 28. Nxd4
Rh6 29. h3 Rd8 30. Rad1 Rhd6 31. f6 Rxf6 32. Nf5 Rff8 33. Nh6+ Kh8 34. Rxd8
{Black resigns} 1-0

[Event "Team 45 45 League T88"]
[Site "Internet Chess Club"]
[Date "2021.05.01"]
[Round "4"]
[White "ascoli"]
[Black "manfredo"]
[Result "1-0"]
[WhiteElo "1718"]
[BlackElo "1451"]
[Opening "Ruy Lopez: open, 8...Be6"]
[ECO "C80"]
[Time "15:00:45"]
[TimeControl "2700+45"]

1. e4 e5 2. Nf3 Nc6 3. Bb5 a6 4. Ba4 Nf6 5. O-O Nxe4 6. d4 b5 7. Bb3 d5 8. dxe5
Be6 9. Re1 Nc5 10. Bg5 Be7 11. Bxe7 Nxe7 12. Nc3 O-O 13. Ng5 Nxb3 14. axb3 c5
15. f4 Nf5 16. g4 Nd4 17. Qd3 g6 18. Qh3 h5 19. Nxe6 fxe6 20. gxh5 Rxf4 21. Qg3
Nf3+ 22. Kh1 Qg5 23. Qxg5 Nxg5 24. hxg6 Raf8 25. Rg1 Nf3 26. Rgf1 Rh4 27. Rf2
Kg7 28. Raf1 Rfh8 29. Rxf3 Rxh2+ 30. Kg1 Rh1+ 31. Kf2 R1h2+ 32. Ke1 Rxc2 33.
R3f2 Rxf2 34. Rxf2 Rh1+ 35. Kd2 Kxg6 36. Rf6+ Kg5 37. Rxe6 Kf5 38. Rxa6 Kxe5 39.
Nxb5 Rh2+ 40. Kc1 Rh1+ 41. Kc2 Rh2+ 42. Kb1 Rh1+ 43. Ka2 d4 44. Ra8 d3 45. Rd8
Ke4 46. Re8+ Kf3 47. Nc3 Rc1 48. Re5 d2 49. Rd5 Ke3 50. Rxc5 d1=Q 51. Nxd1+ Rxd1
52. b4 Rd8 53. b5 Kd4 54. b4 Rb8 55. Kb3 Rb6 56. Ka4 Rb8 57. Ka5 Ra8+ 58. Kb6
Rb8+ 59. Ka7 Rh8 60. b6 Rh7+ 61. b7 {Black resigns} 1-0

[Event "Team 45 45 League T88"]
[Site "Internet Chess Club"]
[Date "2021.05.03"]
[Round "4"]
[White "fireball"]
[Black "oldsj"]
[Result "1-0"]
[WhiteElo "1480"]
[BlackElo "1396"]
[Opening "Sicilian: Smith-Morra gambit"]
[ECO "B21"]
[Time "11:00:25"]
[TimeControl "2700+45"]

1. e4 c5 2. d4 cxd4 3. c3 d3 4. Bxd3 Nf6 5. f4 e6 6. Nf3 Bc5 7. Nbd2 d6 8. Nb3
Bb6 9. Qe2 O-O 10. Be3 Nc6 11. O-O-O Bxe3+ 12. Qxe3 Qc7 13. Kb1 b6 14. h3 Bb7
15. g4 Ne7 16. Rdg1 Ng6 17. h4 e5 18. f5 Nf4 19. Bc2 Qc4 20. Nbd2 Qe2 21. Qxe2
Nxe2 22. Re1 Nf4 23. Rhg1 Ba6 24. g5 N6h5 25. Bb3 Kh8 26. Nc4 Rfd8 27. Rd1 Bxc4
28. Bxc4 d5 29. exd5 e4 30. Ne5 Kg8 31. g6 hxg6 32. fxg6 fxg6 33. d6+ Kh7 34. d7
Nf6 35. Bb5 a6 36. Bc6 Ra7 37. Nf7 Rdxd7 38. Bxd7 Nxd7 39. Ng5+ Kh6 40. Nxe4 Ne5
41. Rd6 Ned3 42. Rxb6 Re7 43. Ng3 {Black resigns} 1-0

[Event "Team 45 45 League T88"]
[Site "Internet Chess Club"]
[Date "2021.05.03"]
[Round "4"]
[White "MathMonkey"]
[Black "CPTsopiens"]
[Result "1-0"]
[WhiteElo "1402"]
[BlackElo "1751"]
[Opening "Ruy Lopez: 5.O-O"]
[ECO "C78"]
[Time "20:00:35"]
[TimeControl "2700+45"]

1. e4 e5 2. Nf3 Nc6 3. Bb5 a6 4. Ba4 Nf6 5. O-O b5 6. Bb3 Bc5 7. a4 Rb8 8. c3 d6
9. d4 Bb6 10. a5 Nxa5 11. Rxa5 Bxa5 12. dxe5 Ng4 13. Ng5 O-O 14. e6 h6 15. Qxg4
hxg5 16. exf7+ Rxf7 17. Bxf7+ Kxf7 18. Qxg5 Be6 19. Qh5+ Kg8 20. Bg5 Qd7 21. h3
Bc4 22. Rd1 Bb6 23. Nd2 Bf7 24. Qh4 Re8 25. Nf3 Qe6 26. Re1 Qb3 27. Bc1 Qe6 28.
Ng5 Qg6 29. Nxf7 Qxf7 30. Qf4 Qc4 31. e5 Rf8 32. Qxc4+ bxc4 33. Be3 Bxe3 34.
Rxe3 dxe5 35. Rxe5 Rb8 36. Re2 a5 37. Kf1 a4 38. Ke1 Rb3 39. Rc2 Kf7 40. Kd2 Kf6
41. Ke3 a3 42. bxa3 Rxa3 43. Kd4 Ra1 44. Kxc4 Ke6 45. Rd2 Rg1 46. g3 g5 47. Kc5
Rh1 48. Kc6 Rxh3 49. Kxc7 Rh7+ 50. Kb8 Rf7 51. c4 Rf3 52. Kb7 Rc3 53. Rd4 Ke5
54. Rd5+ Ke6 55. Rc5 Kd6 56. Kb6 g4 57. Rd5+ Ke6 58. Rd4 Rb3+ 59. Kc6 Rf3 60.
Rxg4 Rxf2 61. Re4+ {Black resigns} 1-0

[Event "Team 45 45 League T88"]
[Site "Internet Chess Club"]
[Date "2021.05.02"]
[Round "4"]
[White "fvafier"]
[Black "Threehundreds"]
[Result "1/2-1/2"]
[WhiteElo "1500"]
[BlackElo "1534"]
[Opening "Grünfeld: 5.e3"]
[ECO "D94"]
[Time "16:01:18"]
[TimeControl "2700+45"]

1. d4 Nf6 2. Nf3 g6 3. c4 Bg7 4. Nc3 d5 5. e3 O-O 6. Be2 b6 7. O-O Bb7 8. b3 e6
9. Bb2 c5 10. cxd5 Nxd5 11. Nxd5 Qxd5 12. Bc4 Qd8 13. Qe2 cxd4 14. Bxd4 Bxd4 15.
Nxd4 Nc6 16. Rfd1 Nxd4 17. Rxd4 Qe7 18. Rad1 Rad8 19. h4 Rxd4 20. Rxd4 Rd8 21.
h5 Rxd4 22. exd4 Qg5 23. g3 Qxh5 24. Qxh5 gxh5 25. Be2 Be4 26. Bxh5 Bg6 27. Be2
Kf8 28. f4 Ke7 29. Kf2 Kd6 30. Ke3 {Game drawn by mutual agreement} 1/2-1/2

[Event "Team 45 45 League T88"]
[Site "Internet Chess Club"]
[Date "2021.05.02"]
[Round "4"]
[White "ChessG2011"]
[Black "Lawkeito"]
[Result "0-1"]
[WhiteElo "1349"]
[BlackElo "1547"]
[Opening "Sicilian: Najdorf, Opocensky variation"]
[ECO "B92"]
[Time "16:00:32"]
[TimeControl "2700+45"]

1. e4 c5 2. Nf3 d6 3. d4 cxd4 4. Nxd4 Nf6 5. Nc3 a6 6. Be2 e5 7. Nb3 Be6 8. Be3
b5 9. a3 Nbd7 10. O-O Rc8 11. Qd2 Be7 12. Rad1 O-O 13. f3 Nb6 14. Rc1 Bc4 15.
Rfd1 Bxe2 16. Qxe2 Nc4 17. Qf2 Nxb2 18. Rd3 Nxd3 19. cxd3 d5 20. Nd2 d4 21. Bxd4
Qxd4 22. Qxd4 exd4 23. Ne2 Rxc1+ 24. Nxc1 Bxa3 25. Ncb3 Bb2 {White resigns} 0-1

[Event "Team 45 45 League T88"]
[Site "Internet Chess Club"]
[Date "2021.04.30"]
[Round "4"]
[White "cpic2363"]
[Black "doudou2011"]
[Result "0-1"]
[WhiteElo "1495"]
[BlackElo "1494"]
[Opening "Sicilian: Alapin's variation (2.c3)"]
[ECO "B22"]
[Time "18:01:20"]
[TimeControl "2700+45"]

1. e4 c5 2. c3 Nf6 3. e5 Nd5 4. Nf3 Nc6 5. Be2 d6 6. exd6 Qxd6 7. d4 cxd4 8.
Nxd4 Nxd4 9. Qxd4 Bd7 10. O-O e5 11. Qd1 Be7 12. Nd2 Nf4 13. Ne4 Qxd1 14. Bxd1
Bb5 15. Re1 Nd3 16. Re3 f5 17. Ng3 f4 18. Rxd3 Bxd3 19. Be2 Bxe2 20. Nxe2 Rd8
21. h3 Bc5 22. b4 Rd1+ 23. Kh2 Bxf2 24. Rb1 Be3 25. c4 Re1 26. Bxe3 Rxb1 27.
Bxa7 Rxb4 28. Nc3 Rxc4 29. Nd5 Rc2 30. a3 Rd2 31. Nc7+ Kd7 32. Nb5 f3 33. Kg3
fxg2 34. a4 Rf8 35. Be3 Rd3 {White resigns} 0-1

[Event "Team 45 45 League T88"]
[Site "Internet Chess Club"]
[Date "2021.05.02"]
[Round "4"]
[White "MacroPawn"]
[Black "janh"]
[Result "1-0"]
[WhiteElo "1811"]
[BlackElo "1948"]
[Opening "English opening"]
[ECO "A10"]
[Time "18:12:13"]
[TimeControl "2700+45"]

1. c4 Nc6 2. g3 e5 3. Bg2 Bc5 4. e3 d6 5. Ne2 Nf6 6. Nbc3 a6 7. a3 Ba7 8. O-O
O-O 9. Nd5 Bg4 10. f3 Bf5 11. Rf2 Nxd5 12. cxd5 Ne7 13. d4 Qd7 14. e4 Bh3 15.
Be3 Bxg2 16. Kxg2 f5 17. Qd2 fxe4 18. fxe4 Rxf2+ 19. Bxf2 Qg4 20. Qd3 Ng6 21. h3
Qg5 22. Be3 Qe7 23. Rf1 Re8 24. Nc3 exd4 25. Bxd4 Ne5 26. Qe3 Nc4 27. Qf2 Bxd4
28. Qxd4 b5 29. Rf2 Qe5 30. Qa7 Nxb2 31. Qxc7 Nc4 32. Qf7+ {Black resigns} 1-0

[Event "Team 45 45 League T88"]
[Site "Internet Chess Club"]
[Date "2021.05.01"]
[Round "4"]
[White "achessman"]
[Black "Legal"]
[Result "0-1"]
[WhiteElo "1864"]
[BlackElo "1859"]
[Opening "Réti: advance variation"]
[ECO "A09"]
[Time "09:04:40"]
[TimeControl "2700+45"]

1. Nf3 d5 2. c4 d4 3. e3 Nc6 4. b4 Nxb4 5. Nxd4 e5 6. Nf3 e4 7. Nd4 c5 8. Nb3
Nd3+ 9. Bxd3 Qxd3 10. Qe2 Qxe2+ 11. Kxe2 b6 12. Nc3 Nf6 13. Nb5 Kd8 14. Bb2 a6
15. Bxf6+ gxf6 16. Nc3 f5 17. Rad1 Be6 18. d3 Kc8 19. Nd2 Bg7 20. Rc1 exd3+ 21.
Kxd3 Rd8+ 22. Kc2 Kc7 23. Ne2 Rd7 24. Nf4 Rad8 25. Rhd1 Be5 26. Nxe6+ fxe6 27.
Nf3 Rxd1 28. Rxd1 Rxd1 29. Kxd1 Bf6 30. Ke2 b5 31. Nd2 b4 32. Kd3 Kb6 33. e4 Bd4
34. exf5 exf5 35. f3 a5 36. h3 h5 37. g4 hxg4 38. hxg4 fxg4 39. fxg4 Kc6 40. Nb3
a4 41. Nxd4+ cxd4 42. Kxd4 a3 43. g5 b3 44. g6 bxa2 {White resigns} 0-1

[Event "Team 45 45 League T88"]
[Site "Internet Chess Club"]
[Date "2021.04.29"]
[Round "4"]
[White "DeepPoo"]
[Black "ANGELLR"]
[Result "0-1"]
[WhiteElo "1715"]
[BlackElo "1871"]
[Opening "Levitsky attack (Queen's bishop attack)"]
[ECO "D00"]
[Time "16:01:10"]
[TimeControl "2700+45"]

1. d4 d5 2. Bg5 Bf5 3. e3 Nd7 4. Nf3 Ngf6 5. Nh4 Bg4 6. Nf3 h6 7. Bh4 e6 8. Bd3
c6 9. c3 Bd6 10. Nbd2 Qc7 11. Qc2 Bh5 12. Bg3 Bxg3 13. hxg3 Bxf3 14. gxf3 e5 15.
Nb3 O-O-O 16. O-O-O Rhe8 17. Bf5 Kb8 18. dxe5 Nxe5 19. f4 Nc4 20. Rd4 c5 21.
Rdd1 Nd6 22. Bh3 Nde4 23. Rhf1 Rd6 24. Nd2 Red8 25. Nxe4 Nxe4 26. Rd3 Qa5 27. a3
d4 28. Bg2 f5 29. Rfd1 Qb6 30. c4 dxe3 31. Bxe4 fxe4 32. Rxd6 Rxd6 33. fxe3 Re6
34. Qd2 a6 35. Qd5 Ka7 36. Rh1 Qc6 37. Qxc6 Rxc6 38. Kd2 Rd6+ 39. Ke2 Rd3 40.
Rd1 Rb3 41. Rd2 Kb6 42. Kf2 Kc6 43. Ke2 b5 44. cxb5+ axb5 45. Kf2 c4 46. Re2 Kd6
47. Kg2 Ke6 48. Kh3 Kf6 49. Kg4 Rd3 50. Kh3 Rd1 51. Kg2 Kf5 52. Kh3 h5 53. Kh2
Kg4 54. Kg2 g6 55. Kf2 Kf5 56. Kg2 Kg4 57. Kf2 Kh3 58. b3 cxb3 59. Rb2 Rd3 60.
Rb1 Rd2+ 61. Ke1 Rd3 62. Kf2 Kh2 63. Rb2 Rc3 64. Ke2 Kxg3 65. Kd2 Rc2+ {White
resigns} 0-1

[Event "Team 45 45 League T88"]
[Site "Internet Chess Club"]
[Date "2021.04.29"]
[Round "4"]
[White "Portola"]
[Black "ascoli"]
[Result "1-0"]
[WhiteElo "1721"]
[BlackElo "1728"]
[Opening "King's Indian: East Indian defense"]
[ECO "A48"]
[Time "16:31:51"]
[TimeControl "2700+45"]

1. d4 Nf6 2. Nf3 g6 3. c3 Bg7 4. Bf4 O-O 5. h3 d6 6. e3 Nbd7 7. Nbd2 Re8 8. Be2
e5 9. dxe5 dxe5 10. Bh2 c6 11. O-O Qb6 12. Nc4 Qc7 13. Qd6 Qxd6 14. Nxd6 Re6 15.
Rfd1 Nd5 16. Nxc8 Rxc8 17. e4 N5f6 18. Ne1 Nc5 19. f3 Bh6 20. Nd3 b5 21. Nxe5
Be3+ 22. Kf1 Nfxe4 23. fxe4 Nxe4 24. Nf3 Rce8 25. Rd3 Nf2 26. Rd7 Bb6 27. Bd3
Re3 28. Bc2 Nxh3 29. Bg3 Re2 30. Rd2 R2e3 31. Re1 Rxe1+ 32. Nxe1 Ng5 33. Bf4 Ne6
34. Re2 Rd8 35. Be3 Bxe3 36. Rxe3 Kf8 37. Rd3 Rxd3 38. Nxd3 Ke7 39. Ne5 c5 40.
Nc6+ {Black resigns} 1-0

[Event "Team 45 45 League T88"]
[Site "Internet Chess Club"]
[Date "2021.04.29"]
[Round "4"]
[White "Ajolote"]
[Black "fishhead"]
[Result "1-0"]
[WhiteElo "1985"]
[BlackElo "1762"]
[Opening "Alekhine's defense: Scandinavian variation"]
[ECO "B02"]
[Time "20:30:34"]
[TimeControl "2700+45"]

1. e4 Nf6 2. Nc3 d5 3. e5 d4 4. exf6 dxc3 5. fxg7 cxd2+ 6. Bxd2 Bxg7 7. Qf3 Qd4
8. Bc3 Qg4 9. Bxg7 Qxg7 10. O-O-O Nc6 11. Qg3 Qxg3 12. hxg3 Ne5 13. Be2 Be6 14.
Nh3 a5 15. Nf4 Bc4 16. Bxc4 Nxc4 17. Rh4 Nd6 18. Rdh1 Ne4 19. Nd5 Nxf2 20. Rf1
Rd8 21. Nxc7+ Kd7 22. Nb5 Kc6 23. a4 Nd3+ 24. cxd3 Rxd3 25. Rxf7 Kd7 26. Re4
Rc8+ 27. Kb1 Re8 28. Nd4 Rxg3 29. Rfxe7+ Rxe7 30. Rxe7+ Kc8 31. Rxh7 Rxg2 32.
Nb5 Rg4 33. Nc3 Rb4 34. Kc2 Kb8 35. Nb5 Kc8 36. b3 b6 37. Rc7+ Kb8 38. Rc4
{Black resigns} 1-0

[Event "Team 45 45 League T88"]
[Site "Internet Chess Club"]
[Date "2021.05.02"]
[Round "4"]
[White "bobhill"]
[Black "zugknightly"]
[Result "0-1"]
[WhiteElo "1792"]
[BlackElo "1915"]
[Opening "King's Indian: Torre attack"]
[ECO "A48"]
[Time "18:06:41"]
[TimeControl "2700+45"]

1. d4 Nf6 2. Nf3 g6 3. Bg5 Bg7 4. Nbd2 d6 5. e4 h6 6. Bh4 O-O 7. Bc4 Nxe4 8.
Bxf7+ Rxf7 9. Nxe4 Bf5 10. Ned2 Nd7 11. c3 g5 12. Bg3 c5 13. dxc5 Nxc5 14. O-O
e5 15. Nc4 Bd3 16. Nfd2 Bxf1 17. Nxf1 Ne4 18. Qe2 Nxg3 19. Nxg3 d5 20. Rd1 Rd7
21. Ne3 d4 22. cxd4 Rxd4 23. Rxd4 exd4 24. Nef5 Qd7 25. Ne7+ Kf7 26. Ngf5 d3 27.
Qh5+ Ke6 28. Qg6+ Bf6 29. Nd5 Qxd5 30. Ng7+ Kd7 31. Nh5 Be7 32. Qh7 Rf8 33. Ng3
d2 {White resigns} 0-1

[Event "Team 45 45 League T88"]
[Site "Internet Chess Club"]
[Date "2021.05.03"]
[Round "4"]
[White "hipopotamos"]
[Black "filmdirector"]
[Result "1-0"]
[WhiteElo "1737"]
[BlackElo "1636"]
[Opening "Giuoco Pianissimo: Italian four knights variation"]
[ECO "C50"]
[Time "14:00:22"]
[TimeControl "2700+45"]

1. e4 e5 2. Nf3 Nc6 3. Bc4 Bc5 4. Nc3 Nf6 5. d3 d6 6. h3 Be6 7. Nd5 h6 8. O-O
Na5 9. Re1 Nxc4 10. dxc4 c6 11. Nxf6+ Qxf6 12. Qd3 O-O 13. c3 a5 14. Bd2 Qe7 15.
b4 Bb6 16. a4 f5 17. c5 Bc7 18. cxd6 Bxd6 19. bxa5 fxe4 20. Qxe4 Rxf3 21. Qxf3
Rf8 22. Qd3 Bd5 23. c4 e4 24. Qc2 Qf7 25. Be3 Bxc4 26. Qxe4 Bd5 27. Qd3 Bb8 28.
Bc5 Rd8 29. Re7 Qf4 30. g3 Qg5 31. Rae1 Qh5 32. Qd4 Qg6 33. Qh4 Bf7 34. Rxf7
Kxf7 35. Qxd8 Qh5 {Black resigns} 1-0

[Event "Team 45 45 League T88"]
[Site "Internet Chess Club"]
[Date "2021.04.29"]
[Round "4"]
[White "Kingfisher75"]
[Black "justice02"]
[Result "1-0"]
[WhiteElo "1560"]
[BlackElo "1717"]
[Opening "French: exchange variation"]
[ECO "C01"]
[Time "18:00:41"]
[TimeControl "2700+45"]

1. e4 e6 2. d4 d5 3. exd5 exd5 4. Nf3 Bg4 5. h3 Bxf3 6. Qxf3 c6 7. Bd3 Qf6 8.
Qxf6 Nxf6 9. O-O Be7 10. Re1 Nbd7 11. Bf4 Kf8 12. Nd2 Re8 13. Re2 g6 14. Rae1
Bd8 15. Bh6+ {Black resigns} 1-0

[Event "Team 45 45 League T88"]
[Site "Internet Chess Club"]
[Date "2021.05.01"]
[Round "4"]
[White "Sloggi"]
[Black "harishbn"]
[Result "1/2-1/2"]
[WhiteElo "1986"]
[BlackElo "1980"]
[Opening "King's Indian: 5.Nf3"]
[ECO "E90"]
[Time "23:45:16"]
[TimeControl "2700+45"]

1. d4 Nf6 2. c4 g6 3. Nc3 Bg7 4. e4 d6 5. Nf3 O-O 6. h3 e5 7. d5 a5 8. Bg5 Na6
9. Be2 h6 10. Be3 Nh5 11. g3 f5 12. exf5 gxf5 13. Nh4 f4 14. Bxh5 fxe3 15. f3
Nc5 16. Qc2 Qg5 17. Qg6 Qxg6 18. Bxg6 a4 19. Ke2 Bd7 20. Ne4 Nxe4 21. Bxe4 b5
22. cxb5 Bxb5+ 23. Kxe3 Bf6 24. Nf5 Bg5+ 25. Kf2 Rab8 26. Rab1 Bd7 27. h4 Bxf5
28. Bxf5 Rxf5 29. hxg5 hxg5 30. Ke3 Kg7 31. Rhf1 g4 32. b3 axb3 33. axb3 Rb4 34.
fxg4 Rxf1 35. Rxf1 Rxb3+ 36. Ke4 Rxg3 37. Kf5 Rc3 38. g5 Rc5 39. Rd1 Rc4 40. Rh1
Rf4+ 41. Ke6 Kg6 42. Rg1 Rf5 43. Rc1 Rf7 44. Re1 {Game drawn by mutual
agreement} 1/2-1/2

[Event "Team 45 45 League T88"]
[Site "Internet Chess Club"]
[Date "2021.04.30"]
[Round "4"]
[White "ArturitoGalacti"]
[Black "Tufnell"]
[Result "1/2-1/2"]
[WhiteElo "1817"]
[BlackElo "1846"]
[Opening "English: ultra-symmetrical variation"]
[ECO "A36"]
[Time "16:00:53"]
[TimeControl "2700+45"]

1. c4 g6 2. g3 Bg7 3. Bg2 c5 4. Nc3 Nc6 5. a3 d6 6. Rb1 a5 7. Nf3 e5 8. O-O Nge7
9. d3 O-O 10. Bg5 f6 11. Bd2 Be6 12. Ne1 d5 13. cxd5 Nxd5 14. Nc2 Rb8 15. Nxd5
Bxd5 16. b4 Bxg2 17. Kxg2 axb4 18. axb4 b6 19. bxc5 bxc5 20. Rxb8 Qxb8 21. Qb1
Nd4 22. Nxd4 Qxb1 23. Rxb1 cxd4 24. f4 exf4 25. Bxf4 f5 26. Rb8 Rxb8 27. Bxb8
Kf7 28. Kf3 Ke6 29. h4 h5 30. Bf4 {Game drawn by mutual agreement} 1/2-1/2

[Event "Team 45 45 League T88"]
[Site "Internet Chess Club"]
[Date "2021.04.30"]
[Round "4"]
[White "room-matt"]
[Black "gera-carp75"]
[Result "1-0"]
[WhiteElo "1883"]
[BlackElo "1847"]
[Opening "QGD Slav: 4.Nc3"]
[ECO "D15"]
[Time "15:04:08"]
[TimeControl "2700+45"]

1. d4 d5 2. c4 c6 3. Nf3 Nf6 4. Nc3 a6 5. e3 b5 6. c5 Bg4 7. Be2 Nbd7 8. h3 Bxf3
9. Bxf3 e5 10. O-O Be7 11. b4 a5 12. Rb1 axb4 13. Rxb4 Qa5 14. Qb3 O-O 15. Bd2
e4 16. Be2 Nxc5 17. dxc5 Bxc5 18. a3 Qxa3 19. Qxa3 Rxa3 20. Rb2 d4 21. exd4 Bxd4
22. Rc2 Rd8 23. Nb1 Ra6 24. Rfc1 c5 25. Bxb5 Rad6 26. Bf4 Rd5 27. Nc3 Rf5 28. g3
g5 29. Be3 h6 30. Kg2 Kg7 31. Bc6 Re5 32. Nb5 Nd5 33. Bxd4 cxd4 34. Nxd4 Nb4 35.
Rc4 Nd3 36. R1c3 Nb2 37. Rb4 Nd3 38. Ra4 Nb2 39. Ra2 Nd1 40. Rc4 e3 41. Bf3 Nxf2
42. Nc6 Rde8 43. Nxe5 Rxe5 44. Rd4 f5 45. Rd7+ Kf6 46. Ra6+ Re6 47. Rxe6+ Kxe6
48. Rh7 g4 49. Rxh6+ Ke5 50. hxg4 fxg4 51. Rh5+ Kd4 52. Be2 Kc3 53. Re5 Kd2 54.
Kf1 Nh1 55. Rd5+ Kc3 56. Kg2 Nf2 57. Rg5 Kd2 58. Kf1 Kc3 59. Bxg4 Ne4 60. Rg7
Nxg3+ 61. Kg2 Ne4 62. Kf3 {Black forfeits on time} 1-0

[Event "Team 45 45 League T88"]
[Site "Internet Chess Club"]
[Date "2021.05.03"]
[Round "4"]
[White "MathBandit"]
[Black "Boxermam"]
[Result "0-1"]
[WhiteElo "1635"]
[BlackElo "1723"]
[Opening "French: Wing gambit"]
[ECO "C00"]
[Time "20:00:34"]
[TimeControl "2700+45"]

1. e4 e6 2. Nf3 d5 3. e5 c5 4. b4 d4 5. bxc5 Bxc5 6. Ba3 Qa5 7. Qe2 Bd7 8. Bxc5
Qxc5 9. c3 Nc6 10. cxd4 Nxd4 11. Nxd4 Qxd4 12. Nc3 Bc6 13. Qe3 O-O-O 14. Bb5 Ne7
15. O-O a6 16. Bxc6 Nxc6 17. Qxd4 Rxd4 18. Rfd1 Nxe5 19. a4 Rhd8 20. Ra2 Nc4 21.
Rc2 Rxd2 22. Rdxd2 Rxd2 {White resigns} 0-1

[Event "Team 45 45 League T88"]
[Site "Internet Chess Club"]
[Date "2021.05.01"]
[Round "4"]
[White "Draconian"]
[Black "primerpaso"]
[Result "1/2-1/2"]
[WhiteElo "1734"]
[BlackElo "1838"]
[Opening "Sicilian: Alapin's variation (2.c3)"]
[ECO "B22"]
[Time "15:00:34"]
[TimeControl "2700+45"]

1. e4 c5 2. c3 d5 3. exd5 Qxd5 4. d4 Nf6 5. Nf3 Bg4 6. Be2 e6 7. O-O Be7 8. h3
Bh5 9. c4 Qd6 10. Be3 cxd4 11. Nxd4 Bxe2 12. Qxe2 O-O 13. Nb5 Qd8 14. Nxa7 Rxa7
15. Bxa7 Nc6 16. Rd1 Qc7 17. Be3 Na5 18. Nc3 Nxc4 19. Nb5 Qc6 20. Na7 Qa6 21. b3
Nxe3 22. Qxa6 bxa6 23. fxe3 Bc5 24. Nc6 Nd5 25. Kh2 Rc8 26. e4 Nc3 27. Rd8+ Rxd8
28. Nxd8 Nxe4 29. Nb7 Be3 30. Rd1 Kf8 31. Rd8+ Ke7 32. Ra8 f5 33. Rxa6 f4 34.
Ra5 g5 35. Re5 Nd2 36. Kh1 h6 37. Nc5 Kd6 38. Rxe6+ Kxc5 39. Rxh6 Nf1 40. Rg6
Ng3+ 41. Kh2 Nf1+ 42. Kh1 {Game drawn by mutual agreement} 1/2-1/2

[Event "Team 45 45 League T88"]
[Site "Internet Chess Club"]
[Date "2021.05.01"]
[Round "4"]
[White "andrew37"]
[Black "BrianWood"]
[Result "1-0"]
[WhiteElo "1650"]
[BlackElo "1422"]
[Opening "King's Indian: orthodox, Aronin-Taimanov, bayonet attack"]
[ECO "E97"]
[Time "16:00:20"]
[TimeControl "2700+45"]

1. Nf3 Nf6 2. c4 g6 3. Nc3 Bg7 4. e4 d6 5. d4 O-O 6. Be2 e5 7. O-O Nc6 8. d5 Ne7
9. b4 Nh5 10. Re1 f5 11. Ng5 Nf6 12. f3 Kh8 13. Ne6 Bxe6 14. dxe6 f4 15. c5 dxc5
16. Qxd8 Raxd8 17. bxc5 b6 18. cxb6 axb6 19. Ba3 c5 20. Rad1 Rxd1 21. Rxd1 Nc6
22. Nd5 Nxd5 23. exd5 Nd4 24. Bc4 {Black resigns} 1-0

[Event "Team 45 45 League T88"]
[Site "Internet Chess Club"]
[Date "2021.05.01"]
[Round "4"]
[White "cap78red"]
[Black "MartyJR"]
[Result "1/2-1/2"]
[WhiteElo "1361"]
[BlackElo "1486"]
[Opening "QGD semi-Slav: Meran variation"]
[ECO "D47"]
[Time "14:01:08"]
[TimeControl "2700+45"]

1. c4 c6 2. Nc3 d5 3. e3 Nf6 4. d4 e6 5. Nf3 Nbd7 6. Bd3 dxc4 7. Bxc4 b5 8. Be2
a6 9. O-O c5 10. Ne5 Bb7 11. Bf3 Bxf3 12. Qxf3 cxd4 13. exd4 Be7 14. Be3 Rc8 15.
Rac1 O-O 16. Nc6 Qe8 17. Ne4 Nxe4 18. Nxe7+ Qxe7 19. Qxe4 Nf6 20. Qh4 Qd7 21.
Bh6 Qd5 22. Bg5 Ne4 23. Be7 Rfe8 24. Rfd1 Nd6 25. Bxd6 Qxd6 26. Rc3 Qd5 27. h3
Rxc3 28. bxc3 Qxa2 29. Qg5 Qc2 30. Rc1 Qb2 31. c4 bxc4 32. Rxc4 Qb1+ 33. Qc1
Qxc1+ 34. Rxc1 g6 35. Ra1 Ra8 36. Ra5 Kg7 37. f3 Kf6 38. Kf2 h5 39. Ke3 Ke7 40.
Ke4 Kd6 41. d5 exd5+ 42. Rxd5+ Ke7 43. Ra5 f6 44. h4 Kd6 45. g4 hxg4 46. fxg4
Kc6 47. h5 Kb6 48. Rd5 Re8+ 49. Kd4 gxh5 50. gxh5 Kc6 51. Rf5 Rd8+ 52. Kc4 Rf8
53. h6 Kd6 54. h7 Ke6 55. Ra5 Rh8 56. Rxa6+ Kf5 57. Ra7 Kg6 58. Kd4 Rxh7 59.
Rxh7 Kxh7 60. Ke4 Kg6 61. Kf4 f5 62. Kf3 Kg5 63. Kg3 f4+ 64. Kf3 Kf5 65. Kf2 Ke4
66. Ke2 f3+ 67. Kf2 Kf4 68. Kf1 Kg3 69. Kg1 f2+ 70. Kf1 {Game drawn by mutual
agreement} 1/2-1/2

[Event "Team 45 45 League T88"]
[Site "Internet Chess Club"]
[Date "2021.05.01"]
[Round "4"]
[White "goldeen7"]
[Black "trogers41"]
[Result "0-1"]
[WhiteElo "1337"]
[BlackElo "1280"]
[Opening "Ruy Lopez: closed, Borisenko defense"]
[ECO "C96"]
[Time "13:00:19"]
[TimeControl "2700+45"]

1. e4 e5 2. Nf3 Nc6 3. Bb5 a6 4. Ba4 Nf6 5. O-O Be7 6. Re1 b5 7. Bb3 d6 8. c3
O-O 9. h3 Na5 10. Bc2 c5 11. d4 Nc6 12. d5 Nb8 13. Nbd2 Nbd7 14. Nf1 Re8 15. Ng3
Bf8 16. Bg5 h6 17. Be3 Bb7 18. Nh2 c4 19. Ng4 Nxg4 20. Qxg4 Nf6 21. Qf3 g6 22.
h4 Bg7 23. h5 Bc8 24. Qe2 Bg4 25. Qd2 Bxh5 26. Bxh6 Bxh6 27. Qxh6 Ng4 28. Qd2
Qh4 29. Bd1 Kg7 30. Bxg4 Bxg4 31. Qe3 Rh8 32. f4 Qe7 33. Kf2 Qf6 34. f5 gxf5 35.
Nxf5+ Bxf5 36. exf5 Qxf5+ 37. Qf3 Qxf3+ 38. Kxf3 f5 39. Rh1 Kg6 40. Rh3 Rxh3+
41. gxh3 Rh8 42. Rg1+ Kf6 43. Rh1 Rh4 44. Kg3 Kg5 45. Rh2 e4 46. Rh1 f4+ 47. Kf2
Kf5 48. Ke2 Ke5 {White resigns} 0-1

[Event "Team 45 45 League T88"]
[Site "Internet Chess Club"]
[Date "2021.05.02"]
[Round "4"]
[White "handsomematch"]
[Black "Timmah4651"]
[Result "0-1"]
[WhiteElo "1430"]
[BlackElo "1587"]
[Opening "French: Tarrasch, open, 4.ed ed"]
[ECO "C08"]
[Time "22:00:46"]
[TimeControl "2700+45"]

1. e4 e6 2. d4 d5 3. Nd2 c5 4. exd5 exd5 5. Bb5+ Bd7 6. Bxd7+ Nxd7 7. Ngf3 Qe7+
8. Qe2 Ngf6 9. Qxe7+ Bxe7 10. O-O O-O 11. dxc5 Bxc5 12. Nb3 Bb6 13. Bf4 Rac8 14.
c3 Nc5 15. Nxc5 Bxc5 16. Rad1 Rcd8 17. Rfe1 Rfe8 18. Rxe8+ Rxe8 19. h3 Re2 20.
Be3 Bxe3 21. fxe3 Rxb2 22. Rd2 Rxd2 23. Nxd2 Ne4 24. Nxe4 dxe4 25. Kf2 f5 26.
Ke2 Kf7 27. Kd2 Ke6 28. c4 Kd6 29. Kc2 g5 30. Kd2 Kc5 31. Kc3 f4 {White resigns}
0-1

[Event "Team 45 45 League T88"]
[Site "Internet Chess Club"]
[Date "2021.05.02"]
[Round "4"]
[White "Grenadier"]
[Black "aec7r3b"]
[Result "1-0"]
[WhiteElo "1561"]
[BlackElo "1227"]
[Opening "Bishop's opening: Berlin defense"]
[ECO "C24"]
[Time "12:30:41"]
[TimeControl "2700+45"]

1. e4 e5 2. Bc4 Nf6 3. d3 h6 4. Nc3 Nc6 5. f4 Bb4 6. Nf3 d6 7. O-O Bg4 8. a3 Ba5
9. Be3 exf4 10. Bxf4 Nd4 11. Ne2 Nxf3+ 12. gxf3 Bh3 13. Rf2 Bb6 14. d4 Nh5 15.
Qd2 Qf6 16. c3 O-O-O 17. b4 g5 18. Bg3 c5 19. bxc5 dxc5 20. d5 Nxg3 21. Nxg3 Ba5
22. Rc1 b5 23. Bf1 Bxf1 24. Rfxf1 Bc7 25. Qf2 c4 26. Qb2 Qb6+ 27. Kg2 Rhg8 28.
Nf5 Qf6 29. Qxb5 g4 30. f4 h5 31. Rb1 Bb6 32. Qxc4+ Kb7 33. Qd3 g3 34. h3 Rge8
35. e5 Qg6 36. Qe4 Kc8 37. Qc4+ Kb7 38. Nd6+ Rxd6 39. exd6 Qc2+ 40. Kxg3 Re3+
41. Kh4 Qh2 42. Qc6+ Ka6 43. Qc8+ Ka5 44. Kxh5 Rxh3+ 45. Kg5 Qg3+ 46. Kf6 Bd8+
47. Qxd8+ Ka6 48. Qc8+ Ka5 49. Qc5+ Ka6 50. Qb5# {Black checkmated} 1-0